 Dungeon Crawl Stone Soup version 0.28-a0-706-gf6f64a616a (webtiles) character file.

Game seed: 2858870364215268704

81 Crownlay the Skirmisher (level 4, 41/41 HPs)
             Began as a Hill Orc Fighter on Oct 24, 2021.
             Was a Follower of Dithmenos.
             Quit the game on level 3 of the Dungeon.
             The game lasted 00:04:50 (1884 turns).

Crownlay the Skirmisher (Hill Orc Fighter)          Turns: 1884, Time: 00:04:51

Health: 41/41      AC:  6    Str: 19    XL:     4   Next: 40%
Magic:  4/4        EV:  9    Int:  8    God:    Dithmenos [*.....]
Gold:   107        SH:  4    Dex: 10    Spells: 3/3 levels left

rFire   . . .      SeeInvis .   a - +0 war axe
rCold   . . .      Faith    .   c - +0 buckler
rNeg    . . .      Spirit   .   b - +0 scale mail
rPois   .          Reflect  .   (no helmet)
rElec   .          Harm     .   (no cloak)
rCorr   .          Rampage  .   (no gloves)
Will    .....                   (no boots)
Stlth   ..........              (no amulet)
HPRegen 0.13/turn               (no ring)
MPRegen 0.09/turn               (no ring)

@: wreathed by umbra
A: no striking features
a: Renounce Religion


You were on level 3 of the Dungeon.
You worshipped Dithmenos.
Dithmenos was aware of your devotion.
You visited 1 branch of the dungeon, and saw 3 of its levels.

You collected 107 gold pieces.

Inventory:

Hand Weapons
 a - a +0 war axe (weapon)
Missiles
 k - 2 javelins (quivered)
Armour
 b - a +0 scale mail (worn)
 c - a +0 buckler (worn)
Scrolls
 h - a scroll of magic mapping {unknown}
 i - a scroll of fog {unknown}
 j - a scroll of teleportation {unknown}
 l - a scroll of immolation {unknown}
 n - a scroll of fear {unknown}
Potions
 d - a potion of might
 e - a potion of flight {unknown}
 f - a potion of brilliance {unknown}
 g - 4 potions of curing {unknown}
 m - 2 potions of lignification {unknown}


   Skills:
 + Level 4.7 Fighting
 + Level 4.2 Axes
 - Level 3.2 Armour
 - Level 4.0 Shields


You had 3 spell levels left.
You didn't know any spells.
Your spell library contained the following spells:

 Spells                   Type           Power      Damage    Failure   Level
 Blink                    Tloc           0%         N/A       88%         2
 Scorch                   Fire           0%         2d5       88%         2
 Lesser Beckoning         Tloc           0%         N/A       98%         3
 Flame Wave               Conj/Fire      0%         3d3       100%        4
 Manifold Assault         Tloc           0%         N/A       100%        5
 Summon Cactus Giant      Summ           0%         N/A       100%        6


Dungeon Overview and Level Annotations

Branches:
Dungeon (3/15)

Altars:
Dithmenos
Gozag


Message History

Unknown command.
Found 16 bolts.
You open the door.
There is an open door here.
A ball python and a rat come into view.
Found 15 gold pieces.
You hit the ball python but do no damage.
The ball python bites you. The ball python grabs you.
The ball python constricts you. The ball python barely misses you.
The ball python constricts you.
You slash the ball python!
You kill the ball python!
Dithmenos accepts your kill.
You slash the rat!
You kill the rat!
Dithmenos accepts your kill.
No target in view!
No target in view!
No target in view!
No target in view!
No target in view!
Unknown command.
Unknown command.
Unknown command.
Unknown command.
Unknown command.
There is an open door here.
You see here 16 bolts.
You see here a frilled lizard corpse.
Things that are here:
a +0 short sword; a kobold corpse
There is an opulent altar of Gozag here.
You kneel at the altar of Gozag.
You kneel at the altar of Gozag.
Unknown command.
Press < or > to pray at altars.
Unknown command.
Press < or > to pray at altars.
You kneel at the altar of Gozag.
Are you sure you want to abandon this character and quit the game? (Confirm with "yes".)

#...........#
...........#
####
###..†..##.# #..
##.)### # #.##
#...# #<.# ##..#
###.###
#..#######.....#
#........#.#.###
#........#..@..#
##.......###.#.#
#.......#.....#
#.......###.###
#.............#
#.............#
#...>.........#
#.......(.....#
#.............#


There were no monsters in sight!

Vanquished Creatures
  2 adders (D:2)
  A worm (D:2)
  4 dart slugs
  5 ball pythons
  3 bats
  3 endoplasms (D:2)
  2 giant cockroaches (D:2)
  3 goblins
  4 hobgoblins
  4 jackals (D:1)
  3 quokkas
  5 frilled lizards
  5 kobolds
  5 rats
49 creatures vanquished.

Notes
Turn   | Place    | Note
-------+----------+-------------------------------------------
     0 | D:1      | Crownlay the Hill Orc Fighter began the quest for the Orb.
     0 | D:1      | Reached XP level 1. HP: 19/19 MP: 1/1
   124 | D:1      | Reached XP level 2. HP: 26/27 MP: 2/2
   415 | D:1      | Reached XP level 3. HP: 33/33 MP: 3/3
  1080 | D:2      | Reached XP level 4. HP: 36/41 MP: 4/4
  1148 | D:2      | Found a faded altar of an unknown god.
  1175 | D:2      | Prayed at the altar of an unknown god.
  1175 | D:2      | Became a worshipper of Dithmenos the Shadowed
  1175 | D:2      | Reached * piety under Dithmenos
  1732 | D:3      | Found an opulent altar of Gozag.
  1884 | D:3      | Quit the game

Illustrated notes

Levels and vault maps discovered:
D:1:      minmay_arrival_stone_box, layout_loops_cross
D:2:      layout_basic, hellmonk_ecumenical_altar_pennies_from_heaven
D:3:      layout_basic, nicolae_gozag_cash_rules_everything_around_me,
          roderic_lattice_a, minmay_unequal

Skill      XL: |  1  2  3 |
---------------+----------+-----
Axes           | 3 4 |  4.2
Fighting       | 4 |  4.7
Shields        | 4 |  4.0
Armour         | |  3.2

Action                   |  1- 3 |  4- 6 || total
-------------------------+-------+-------++-------
Melee: War axe           |   100 |    24 ||   124
Armor: Scale mail        |    62 |     5 ||    67
Dodge: Dodged            |    60 |     9 ||    69
Block: Buckler           |    28 |     3 ||    31

Table legend: (Time is in decaauts)
 A = Elapsed time spent in this place.
 B = Non-inter-level travel time spent in this place.
 C = Inter-level travel time spent in this place.
 D = Time resting spent in this place.
 E = Time spent auto-exploring this place.
 F = Levels seen in this place.
 G = Mean time per level.
                   A        B        C        D        E       F      G
               +--------+--------+--------+--------+--------+-----+--------+
         Total |   1929 |   1827 |    102 |      0 |   1464 |   3 |  643.0 |
       Dungeon |   1929 |   1827 |    102 |      0 |   1464 |   3 |  643.0 |
               +--------+--------+--------+--------+--------+-----+--------+

Top non-repeatable levels by time:
     D:2: 1010 daAuts
     D:1: 764 daAuts
     D:3: 154 daAuts
